 Dungeon Crawl Stone Soup version 0.31.0-9-g3a7656b989 (webtiles) character file.

Game seed: 15008168226848008379

458 qw the Skirmisher (level 6, -12/35 HPs)
             Began as a Deep Elf Hunter on Feb 2, 2024.
             Mangled by an ogre
             ... wielding a +0 giant spiked club
              (14 damage)
             ... on level 4 of the Dungeon.
             The game lasted 00:00:09 (2362 turns).

qw the Skirmisher (Deep Elf Hunter)                 Turns: 2362, Time: 00:00:09

Health: -12/35     AC:  6    Str: 10    XL:     6   Next: 77%
Magic:  8/8        EV: 11    Int: 14    God:
Gold:   172        SH:  5    Dex: 18    Spells: 5/5 levels left

rFire   . . .        d - +2 arbalest (freeze)
rCold   + . .        (shield currently unavailable)
rNeg    . . .        f - +0 ring mail
rPois   .            b - +0 helmet
rElec   .            (no cloak)
rCorr   .            (no gloves)
SInv    .            (no boots)
Will    .....        l - amulet of reflection
Stlth   +            e - ring of protection from cold
HPRegen 0.25/turn    (no ring)
MPRegen 0.11/turn

%: reflection
@: about to teleport
A: no striking features
a: no special abilities


You were on level 4 of the Dungeon.
You visited 1 branch of the dungeon, and saw 4 of its levels.

You collected 172 gold pieces.


   Skills:
 - Level 2.1 Fighting
 - Level 10.3 Ranged Weapons
 + Level 0.0 Armour
 - Level 3.0 Dodging
 - Level 1.2 Stealth


You had 5 spell levels left.
You didn't know any spells.
Your spell library was empty.

Inventory:

Hand Weapons
 d - a +2 arbalest of freezing (weapon)
Armour
 b - a +0 helmet (worn)
 f - a +0 ring mail (worn)
 j - a +0 robe of fire resistance
Jewellery
 a - a ring of fire
 e - a ring of protection from cold (left hand)
 l - an amulet of reflection (around neck)
 o - an amulet of faith
 q - a +6 ring of intelligence
Wands
 g - a wand of flame (11)
Scrolls
 n - 2 scrolls of identify
Potions
 c - 2 potions of haste
 h - a potion of heal wounds
 i - a potion of curing {unknown}
 k - 2 potions of degeneration {unknown}
 p - a potion of lignification {unknown}

Dungeon Overview and Level Annotations

Branches:
Dungeon (4/15)
 Temple: D:4-7

Altars:


Message History

A kobold comes into view. It is wielding a +0 whip.
You shoot a bolt. The bolt hits the kobold!!
The bolt freezes the kobold.
You kill the kobold!
You see here a +0 whip.
Found a book of Cantrips.
A bombardier beetle comes into view.
You shoot a bolt. The bolt hits the bombardier beetle!
The bolt freezes the bombardier beetle.
The bombardier beetle is almost dead.
You shoot a bolt.
The bolt hits the bombardier beetle but does no damage.
The bombardier beetle is almost dead.
You shoot a bolt. The bolt hits the bombardier beetle!
The bolt freezes the bombardier beetle.
You kill the bombardier beetle!
Your Dodging skill increases to level 3!
o - an amulet of faith You see here a bombardier beetle corpse.
p - a smoky blue potion
Found an escape hatch in the ceiling.
Found a stone staircase leading down.
q - a +6 ring of intelligence A dart slug comes into view.
You shoot a bolt. The bolt hits the dart slug!
The bolt freezes the dart slug.
You kill the dart slug!
An ogre comes into view. It is wielding a +0 giant spiked club.
Found two hand axes.
You shoot a bolt. The bolt hits the ogre.
The bolt freezes the ogre.
The ogre is lightly wounded.
You shoot a bolt. The bolt hits the ogre.
The bolt freezes the ogre.
The ogre is lightly wounded.
You shoot a bolt. The bolt hits the ogre!
The bolt freezes the ogre.
The ogre is almost dead.
You shoot a bolt. The bolt barely misses the ogre.
The ogre hits you with a +0 giant spiked club!!
Ouch! That really hurt!
2362 ||| READING scroll of teleportation.
As you read the scroll of teleportation, it crumbles to dust.
You feel strangely unstable.
The ogre hits you with a +0 giant spiked club!
You die...

... ........).#
...##..........
#..............
##..........)
............
..........#
...?....O##
.......@..#
..........#
#.........####
#............###
................#
...<.....>.....###
...............##..
....................
..
...................


You could see an ogre.

Vanquished Creatures
  Sigmund (D:2)
  An ogre (D:4)
  A hound (D:3)
  A bombardier beetle (D:4)
  An orc priest (D:3)
  3 gnolls (D:3)
  3 adders (D:3)
  4 dart slugs
  A ribbon worm (D:2)
  4 orcs
  7 bats
  2 endoplasms
  A giant cockroach (D:2)
  5 goblins
  7 hobgoblins
  3 jackals (D:1)
  A quokka (D:3)
  4 ball pythons
  2 frilled lizards
  7 kobolds
  A rat (D:1)
60 creatures vanquished.

Notes
Turn   | Place    | Note
-------+----------+-------------------------------------------
     0 | D:1      | qw the Deep Elf Hunter began the quest for the Orb.
     0 | D:1      | Reached XP level 1. HP: 12/12 MP: 3/3
     0 | D:1      | 0 ||| qw: Version: 0.3-a-155-g5e7d8dd
     0 | D:1      | 0 ||| qw: Game counter: 1461
     0 | D:1      | 0 ||| qw: Melee chars always use a shield: true
     0 | D:1      | 0 ||| qw: God list: Okawaru
     0 | D:1      | 0 ||| qw: Allow faded altars: false
     0 | D:1      | 0 ||| qw: Do Orc after clearing Dungeon:15 true
     0 | D:1      | 0 ||| qw: Do second Lair branch before Depths: true
     0 | D:1      | 0 ||| qw: Lair rune preference: random
     0 | D:1      | 0 ||| qw: Goals: Normal
     0 | D:1      | 0 ||| PLANNING D:1-11
   200 | D:1      | Reached skill level 6 in Ranged Weapons
   200 | D:1      | Reached XP level 2. HP: 16/16 MP: 4/4
   201 | D:1      | You fall into a shaft and drop 1 floor!
   322 | D:2      | 322 ||| UPGRADING to +0 ring mail.
   332 | D:2      | 332 ||| DROPPING +0 leather armour.
   333 | D:2      | 333 ||| READING scroll labelled UCVITE YLOF.
   434 | D:2      | 434 ||| READING scroll labelled KISIAM RIOPA.
   435 | D:2      | 435 ||| DROPPING scroll of butterflies.
   989 | D:1      | 989 ||| READING 4 scrolls labelled ABYONG GOEFUQ.
   989 | D:1      | 989 ||| IDENTIFYING fuming blue potion
   990 | D:1      | 990 ||| READING 3 scrolls of identify.
   990 | D:1      | 990 ||| IDENTIFYING clear potion
   991 | D:1      | 991 ||| READING 2 scrolls of identify.
   991 | D:1      | 991 ||| IDENTIFYING sedimented sapphire potion
   992 | D:1      | 992 ||| READING scroll of identify.
   992 | D:1      | 992 ||| IDENTIFYING fizzy silvery potion
   993 | D:1      | 993 ||| READING scroll labelled BEVERO RUTZ.
  1094 | D:1      | 1094 ||| DROPPING potion of attraction.
  1095 | D:1      | 1095 ||| DROPPING potion of invisibility.
  1150 | D:2      | Reached XP level 3. HP: 20/20 MP: 5/5
  1522 | D:2      | Noticed Sigmund
  1523 | D:2      | 1523 ||| DRINKING 3 potions of haste.
  1532 | D:2      | Killed Sigmund
  1533 | D:2      | Reached skill level 9 in Ranged Weapons
  1533 | D:2      | Reached XP level 4. HP: 16/25 MP: 6/6
  1533 | D:2      | Reached XP level 5. HP: 18/29 MP: 7/7
  1616 | D:2      | 1616 ||| UPGRADING to +0 helmet.
  1621 | D:2      | 1621 ||| READING scroll of identify.
  1621 | D:2      | 1621 ||| IDENTIFYING sedimented red potion
  1622 | D:2      | 1622 ||| READING scroll labelled GUCAMAGE UQOLA.
  1622 | D:2      | Identified a scroll of acquirement
  1622 | D:2      | 1622 ||| ACQUIRING +2 arbalest of freezing
  1622 | D:2      | Acquired a +2 arbalest of freezing
  1624 | D:2      | 1624 ||| SWAPPING to +2 arbalest of freezing.
  1625 | D:2      | 1625 ||| DROPPING +0 shortbow.
  1626 | D:2      | 1626 ||| DROPPING potion of ambrosia.
  1937 | D:3      | Reached XP level 6. HP: 35/35 MP: 8/8
  1940 | D:3      | 1940 ||| FLEEEEING.
  1941 | D:3      | 1941 ||| FLEEEEING.
  1942 | D:3      | 1942 ||| FLEEEEING.
  1943 | D:3      | 1943 ||| FLEEEEING.
  1944 | D:3      | 1944 ||| FLEEEEING.
  1945 | D:3      | 1945 ||| FLEEEEING.
  1946 | D:3      | 1946 ||| FLEEEEING.
  1947 | D:3      | 1947 ||| FLEEEEING.
  1948 | D:3      | 1948 ||| FLEEEEING.
  1949 | D:3      | 1949 ||| FLEEEEING.
  1950 | D:3      | 1950 ||| FLEEEEING.
  1952 | D:3      | 1952 ||| FLEEEEING.
  1953 | D:3      | 1953 ||| FLEEEEING.
  1954 | D:3      | 1954 ||| FLEEEEING.
  1955 | D:3      | 1955 ||| FLEEEEING.
  1956 | D:3      | 1956 ||| FLEEEEING.
  1957 | D:3      | 1957 ||| FLEEEEING.
  1958 | D:3      | 1958 ||| FLEEEEING.
  1959 | D:3      | 1959 ||| FLEEEEING.
  1960 | D:3      | 1960 ||| FLEEEEING.
  1961 | D:3      | 1961 ||| FLEEEEING.
  1962 | D:3      | 1962 ||| FLEEEEING.
  1963 | D:3      | 1963 ||| FLEEEEING.
  1964 | D:3      | 1964 ||| FLEEEEING.
  1965 | D:3      | 1965 ||| FLEEEEING.
  1966 | D:3      | 1966 ||| FLEEEEING.
  1967 | D:3      | 1967 ||| FLEEEEING.
  1968 | D:3      | 1968 ||| FLEEEEING.
  1969 | D:3      | 1969 ||| FLEEEEING.
  1970 | D:3      | 1970 ||| FLEEEEING.
  1971 | D:3      | 1971 ||| FLEEEEING.
  1972 | D:3      | 1972 ||| FLEEEEING.
  1973 | D:3      | 1973 ||| FLEEEEING.
  1974 | D:3      | 1974 ||| FLEEEEING.
  1975 | D:3      | 1975 ||| FLEEEEING.
  1976 | D:3      | 1976 ||| FLEEEEING.
  1977 | D:3      | 1977 ||| FLEEEEING.
  1978 | D:3      | 1978 ||| FLEEEEING.
  1979 | D:3      | 1979 ||| FLEEEEING.
  1980 | D:3      | 1980 ||| FLEEEEING.
  1981 | D:3      | 1981 ||| FLEEEEING.
  1982 | D:3      | 1982 ||| FLEEEEING.
  1983 | D:3      | 1983 ||| FLEEEEING.
  2232 | D:3      | 2232 ||| UPGRADING to amulet of reflection.
  2237 | D:3      | 2237 ||| UPGRADING to ring of protection from cold.
  2238 | D:3      | 2238 ||| READING scroll labelled FABE VEOMMABB.
  2268 | D:4      | Reached skill level 10 in Ranged Weapons
  2330 | D:4      | Reached skill level 3 in Dodging
  2361 | D:4      | HP: 2/35 [ogre/+0 giant spiked club (33)]
  2362 | D:4      | 2362 ||| READING scroll of teleportation.
  2362 | D:4      | Mangled by an ogre

Levels and vault maps discovered:
D:1:      nagdon_arrival_double_spiral, layout_loops_ring
D:2:      layout_loops_ring, uniq_sigmund
D:3:      layout_basic
D:4:      layout_cave_pools, nzn_wu_jian_council_hall,
          gammafunk_temple_overflow_elements

Skill      XL: |  1  2  3  4  5  6 |
---------------+-------------------+-----
Ranged Weapons | 6 9 10 | 10.3
Fighting       | 2 |  2.1
Dodging        | 3 |  3.0
Stealth        | |  1.2

Action                     |  1- 3 |  4- 6 || total
---------------------------+-------+-------++-------
   Fire: Shortbow          |    90 |     1 ||    91
         Arbalest          |       |    62 ||    62
    Use: Scroll            |     7 |     4 ||    11
         Potion            |     1 |       ||     1
 Armour: Leather armour    |     3 |       ||     3
         Ring mail         |    23 |    12 ||    35
  Dodge: Dodged            |    19 |     8 ||    27

Table legend:
 A = Non-vault XP
 B = Vault XP
 C = Vault XP percentage of total XP
 D = Non-vault monster count
 E = Vault monster count
 F = Vault count percentage of total count
                 A         B        C        D         E       F
            +---------+---------+-------+---------+---------+-------
      Total |     432 |     223 |  34.0 |      59 |       1 |   1.7
            +---------+---------+-------+---------+---------+-------
        D:1 |      32 |       0 |   0.0 |      19 |       0 |   0.0
        D:2 |      23 |     223 |  90.7 |      11 |       1 |   8.3
        D:3 |     202 |       0 |   0.0 |      23 |       0 |   0.0
        D:4 |     175 |       0 |   0.0 |       6 |       0 |   0.0
            +---------+---------+-------+---------+---------+-------
